[Event "Bundesturnier Hauptturnier 1 2024"]
[Site "Olten"]
[Date "2024.05.10"]
[Round "3.8"]
[White "Sutter, Oliver"]
[Black "Deuber, Roman"]
[Result "1-0"]
[ECO "E57"]
[WhiteElo "2304"]
[BlackElo "2045"]
[Annotator "RC"]
[PlyCount "69"]
[EventDate "2024.05.09"]
[EventType "tourn"]
[EventCountry "SUI"]
[SourceTitle "playchess.com"]
[Source "ChessBase"]
[SourceQuality "1"]
[TimeControl "5400+30"]

1. d4 Nf6 2. c4 e6 3. Nc3 Bb4 4. e3 O-O 5. Bd3 c5 6. Nf3 d5 7. O-O dxc4 8. Bxc4 cxd4 9. exd4 b6 10. Bg5 Bb7 11. Re1 Nc6 12. Bd3 Rc8 13. Bc2 Be7 14. a3 Re8 15. Qd3 g6 16. h4 Nd5 17. Nxd5 Qxd5 18. Bb3 Qd8 19. Ba2 Bxg5 20. hxg5 Ne7 21. Rad1 Bxf3 22. Qxf3 Nf5 23. d5 e5 24. d6 Qd7 25. Rd5 Rc6 26. Rdxe5 Rxe5 27. Rxe5 Rc1+ 28. Kh2 Qxd6 29. Qd5 Qxd5 30. Rxd5 Rc2 31. Rd8+ Kg7 32. Rd7 Rxb2 33. Rxf7+ Kg8 34. Bd5 Rd2 35. Rxf5+ 1-0

[Event "Bundesturnier Hauptturnier 1 2024"]
[Site "Olten"]
[Date "2024.05.10"]
[Round "3.9"]
[White "Hirzel, Cedric"]
[Black "Gautier, Anand"]
[Result "1-0"]
[ECO "E73"]
[WhiteElo "2086"]
[BlackElo "2274"]
[Annotator "RC"]
[PlyCount "75"]
[EventDate "2024.05.09"]
[EventType "tourn"]
[EventCountry "SUI"]
[SourceTitle "playchess.com"]
[Source "ChessBase"]
[SourceQuality "1"]
[TimeControl "5400+30"]

1. d4 Nf6 2. c4 g6 3. Nc3 Bg7 4. e4 d6 5. Be2 O-O 6. Bg5 Nbd7 7. Qd2 e5 8. d5 a5 9. h4 Nc5 10. f3 Bd7 11. g4 a4 12. O-O-O Ra6 13. h5 Qe7 14. Nh3 Rfa8 15. Kc2 Qf8 16. Nf2 Rb6 17. Rh2 h6 18. Bxf6 Bxf6 19. hxg6 Bg5 20. gxf7+ Qxf7 21. Qe1 Nb3 22. Nh3 Nd4+ 23. Kb1 a3 24. b3 Nxb3 25. axb3 Rxb3+ 26. Kc2 Rb2+ 27. Kd3 a2 28. Nxg5 Qf4 29. Rxh6 a1=Q 30. Rg6+ Kf8 31. Rf6+ Qxf6 32. Nh7+ Ke7 33. Rxa1 Qh8 34. Qh4+ Kf7 35. Rxa8 Qxa8 36. Qf6+ Kg8 37. Qg6+ Kh8 38. Ng5 1-0

[Event "Bundesturnier Hauptturnier 1 2024"]
[Site "Olten"]
[Date "2024.05.10"]
[Round "3.10"]
[White "Gantner, Matthias"]
[Black "Toenz, Arthur"]
[Result "1-0"]
[ECO "B12"]
[WhiteElo "2237"]
[BlackElo "2046"]
[Annotator "RC"]
[PlyCount "53"]
[EventDate "2024.05.09"]
[EventType "tourn"]
[EventCountry "SUI"]
[SourceTitle "playchess.com"]
[Source "ChessBase"]
[SourceQuality "1"]
[TimeControl "5400+30"]

1. e4 c6 2. d4 d5 3. e5 c5 4. dxc5 e6 5. a3 Bxc5 6. Nf3 Nd7 7. Bd3 f6 8. exf6 Ngxf6 9. O-O O-O 10. c4 e5 11. Bf5 dxc4 12. Be6+ Kh8 13. Bxc4 Ng4 14. Qe2 Ndf6 15. Nc3 Nxf2 16. Rxf2 Bxf2+ 17. Qxf2 Ng4 18. Qc5 b6 19. Qd5 Qe7 20. Bg5 Qb7 21. h3 Nf6 22. Qxb7 Bxb7 23. Nxe5 Rac8 24. Nf7+ Kg8 25. Nd6+ Kh8 26. Nxc8 Rxc8 27. Bb3 1-0

[Event "Bundesturnier Hauptturnier 1 2024"]
[Site "Olten"]
[Date "2024.05.10"]
[Round "3.11"]
[White "Buehler, Michael"]
[Black "Prunescu, Claudiu"]
[Result "1/2-1/2"]
[ECO "D22"]
[WhiteElo "2043"]
[BlackElo "2249"]
[Annotator "ChessBase"]
[PlyCount "109"]
[EventDate "2024.05.09"]
[EventType "tourn"]
[EventCountry "SUI"]
[SourceTitle "playchess.com"]
[Source "ChessBase"]
[SourceQuality "1"]
[TimeControl "5400+30"]

1. d4 d5 2. c4 dxc4 3. Nf3 Nf6 4. e3 Bg4 5. Bxc4 e6 6. O-O Bd6 7. Nc3 Nc6 8. Be2 O-O 9. Qb3 a6 10. Rd1 Qe7 11. Bd2 h6 12. Rac1 Rab8 13. a3 Rfd8 14. Qc2 Re8 15. Na4 e5 16. dxe5 Nxe5 17. Nd4 Bxe2 18. Nxe2 Qe6 19. Bb4 Bxb4 20. axb4 c6 21. Nd4 Qg4 22. h3 Qe4 23. Qxe4 Nxe4 24. f3 Nf6 25. e4 g6 26. Nc5 Nh5 27. Kf2 Re7 28. Ne2 g5 29. g3 Ng6 30. Rd6 Kh7 31. Rcd1 Ne5 32. b3 Rbe8 33. Rd8 Ng7 34. Rxe8 Nxe8 35. Rd8 Kg7 36. Nd4 Kf8 37. Nf5 b6 38. Na4 Rd7 39. Rxd7 Nxd7 40. Nxh6 Nd6 41. Ke3 b5 42. Nc5 Nxc5 43. bxc5 Nb7 44. Kd4 a5 45. Ng4 Nd8 46. Ne5 f6 47. Nd3 Ne6+ 48. Kc3 Kf7 49. f4 gxf4 50. gxf4 Kg7 51. b4 a4 52. h4 Kh6 53. f5 Nd8 54. Nf4 Nf7 55. Kb2 1/2-1/2

[Event "Bundesturnier Hauptturnier 1 2024"]
[Site "Olten"]
[Date "2024.05.10"]
[Round "3.12"]
[White "Manko, Mariia"]
[Black "Musaelyan, Arshavir"]
[Result "1-0"]
[ECO "A57"]
[WhiteElo "2247"]
[BlackElo "1995"]
[Annotator "RC"]
[PlyCount "87"]
[EventDate "2024.05.09"]
[EventType "tourn"]
[EventCountry "SUI"]
[SourceTitle "playchess.com"]
[Source "ChessBase"]
[SourceQuality "1"]
[TimeControl "5400+30"]

1. d4 Nf6 2. c4 c5 3. d5 b5 4. cxb5 a6 5. e3 axb5 6. Bxb5 Qa5+ 7. Nc3 Bb7 8. Bd2 Qb6 9. a4 Nxd5 10. Nf3 e6 11. O-O Be7 12. e4 Nb4 13. Bf4 Qd8 14. Ne5 Bc8 15. Qh5 O-O 16. Rad1 d5 17. exd5 exd5 18. Nxd5 Nxd5 19. Rxd5 Qxd5 20. Bc4 Qd8 21. Nxf7 Rxf7 22. Qxf7+ Kh8 23. Re1 Nc6 24. Bc7 Be6 25. Qxe6 Qxc7 26. Bd5 Rf8 27. Qxc6 Qf4 28. Rf1 Qb4 29. b3 Bf6 30. Qd6 Rd8 31. Qe6 Bd4 32. Qe7 Bf6 33. Qf7 Qd2 34. Be4 Qf4 35. Bd5 Qd6 36. Bf3 Be5 37. g3 Rf8 38. Qd5 Qf6 39. Kg2 Bd4 40. Qc6 Qf7 41. Qb7 Qf6 42. a5 Qd6 43. a6 Rb8 44. a7 1-0

[Event "Bundesturnier Hauptturnier 1 2024"]
[Site "Olten"]
[Date "2024.05.10"]
[Round "4.1"]
[White "Willems, Niels"]
[Black "Baenziger, Fabian"]
[Result "1/2-1/2"]
[ECO "A17"]
[WhiteElo "2329"]
[BlackElo "2415"]
[Annotator "ChessBase"]
[PlyCount "32"]
[EventDate "2024.05.09"]
[EventType "tourn"]
[EventCountry "SUI"]
[SourceTitle "playchess.com"]
[Source "ChessBase"]
[SourceQuality "1"]
[TimeControl "5400+30"]

1. c4 e6 2. Nc3 d5 3. e3 Nf6 4. Nf3 Bd6 5. b3 c5 6. cxd5 exd5 7. Bb2 Nc6 8. Bb5 O-O 9. d4 cxd4 10. Nxd4 Nxd4 11. Qxd4 a6 12. Be2 Re8 13. Rd1 Be5 14. Qd2 Bf5 15. O-O Rc8 16. Bf3 Bg4 1/2-1/2

[Event "Bundesturnier Hauptturnier 1 2024"]
[Site "Olten"]
[Date "2024.05.10"]
[Round "4.2"]
[White "Sutter, Oliver"]
[Black "Loeffler, Markus"]
[Result "1-0"]
[ECO "A34"]
[WhiteElo "2304"]
[BlackElo "2238"]
[Annotator "ChessBase"]
[PlyCount "107"]
[EventDate "2024.05.09"]
[EventType "tourn"]
[EventCountry "SUI"]
[SourceTitle "playchess.com"]
[Source "ChessBase"]
[SourceQuality "1"]
[TimeControl "5400+30"]

1. Nf3 c5 2. c4 Nc6 3. Nc3 e5 4. e3 Nf6 5. d4 cxd4 6. exd4 e4 7. Ne5 Bb4 8. Be2 Qa5 9. Nxc6 dxc6 10. Qc2 O-O 11. h3 Rd8 12. Be3 c5 13. d5 b5 14. O-O Bxc3 15. bxc3 bxc4 16. Bxc4 Ba6 17. Bxa6 Qxa6 18. c4 Re8 19. Rab1 Nd7 20. Rb5 Rac8 21. Rfb1 f5 22. Qc3 Qd6 23. Rb7 Rc7 24. Qc1 h6 25. Bf4 Ne5 26. Qc3 Ree7 27. Rxc7 Qxc7 28. Rb5 Nf3+ 29. Qxf3 exf3 30. Bxc7 Rxc7 31. gxf3 Kf7 32. f4 Ke7 33. Ra5 Kd7 34. Kg2 Kc8 35. Ra6 Kb7 36. Re6 Kc8 37. Kg3 Kd7 38. Rg6 Ke8 39. Kh4 Kf7 40. Rc6 Rb7 41. Rxc5 Rb2 42. Rc7+ Kf6 43. Rxa7 Rxf2 44. Ra6+ Kf7 45. Kg3 Rc2 46. Rc6 Rxa2 47. c5 Ra3+ 48. Kg2 Ra2+ 49. Kf3 Ra3+ 50. Ke2 Rxh3 51. Rc7+ Kf6 52. d6 Rc3 53. c6 Rc5 54. d7 1-0

[Event "Bundesturnier Hauptturnier 1 2024"]
[Site "Olten"]
[Date "2024.05.10"]
[Round "4.3"]
[White "Gryshko, Vitalii"]
[Black "Emery, Stephane"]
[Result "1-0"]
[ECO "B97"]
[WhiteElo "2316"]
[BlackElo "2094"]
[Annotator "ChessBase"]
[PlyCount "53"]
[EventDate "2024.05.09"]
[EventType "tourn"]
[EventCountry "SUI"]
[SourceTitle "playchess.com"]
[Source "ChessBase"]
[SourceQuality "1"]
[TimeControl "5400+30"]

1. e4 c5 2. Nf3 d6 3. d4 cxd4 4. Nxd4 Nf6 5. Nc3 a6 6. Bg5 e6 7. f4 Qb6 8. Qd2 Qxb2 9. Rb1 Qa3 10. e5 dxe5 11. fxe5 Nfd7 12. Ne4 Qxa2 13. Rd1 Qd5 14. Qe3 Qxe5 15. c3 Nc6 16. Nxc6 bxc6 17. Bf4 Qa5 18. Nd6+ Bxd6 19. Bxd6 Bb7 20. Be2 Qb6 21. Qg5 Qd8 22. Qxg7 Qf6 23. Qxf6 Nxf6 24. Be5 Ke7 25. Rb1 Rhb8 26. Bxb8 Rxb8 27. Bxa6 1-0

[Event "Bundesturnier Hauptturnier 1 2024"]
[Site "Olten"]
[Date "2024.05.10"]
[Round "4.4"]
[White "Toktomushev, Teimur"]
[Black "Hirzel, Cedric"]
[Result "1/2-1/2"]
[ECO "D37"]
[WhiteElo "2295"]
[BlackElo "2086"]
[Annotator "ChessBase"]
[PlyCount "100"]
[EventDate "2024.05.09"]
[EventType "tourn"]
[EventCountry "SUI"]
[SourceTitle "playchess.com"]
[Source "ChessBase"]
[SourceQuality "1"]
[TimeControl "5400+30"]

1. d4 Nf6 2. c4 e6 3. Nf3 d5 4. Nc3 Be7 5. Bf4 O-O 6. e3 c5 7. dxc5 Bxc5 8. cxd5 Nxd5 9. Nxd5 Qxd5 10. Qxd5 exd5 11. a3 Nc6 12. Bb5 Bb6 13. Rc1 Bd7 14. O-O Rac8 15. Bd6 Rfd8 16. Bc5 Bxc5 17. Rxc5 Ne7 18. Rxc8 Nxc8 19. Bxd7 Rxd7 20. Rc1 Ne7 21. Kf1 Nc6 22. Ne5 Rd6 23. Ke2 Kf8 24. Nxc6 bxc6 25. Kd3 Ke7 26. Rc5 Rf6 27. Ke2 Rd6 28. Ra5 Rd7 29. Kd3 Kd6 30. Kd4 Re7 31. b4 Rb7 32. Ra4 Re7 33. Ra6 Rb7 34. Ra5 Re7 35. f3 f5 36. h3 g6 37. h4 Rc7 38. Ra6 Rb7 39. Ra4 Re7 40. Ra5 Rc7 41. Rc5 Rb7 42. g3 Rb5 43. Rxb5 cxb5 44. g4 fxg4 45. fxg4 h6 46. e4 dxe4 47. Kxe4 Ke6 48. Kd4 Kd6 49. Ke4 Ke6 50. Kd4 Kf6 1/2-1/2

[Event "Bundesturnier Hauptturnier 1 2024"]
[Site "Olten"]
[Date "2024.05.10"]
[Round "4.5"]
[White "Drechsler, Christoph"]
[Black "Gantner, Matthias"]
[Result "0-1"]
[ECO "D05"]
[WhiteElo "2099"]
[BlackElo "2237"]
[Annotator "ChessBase"]
[PlyCount "104"]
[EventDate "2024.05.09"]
[EventType "tourn"]
[EventCountry "SUI"]
[SourceTitle "playchess.com"]
[Source "ChessBase"]
[SourceQuality "1"]
[TimeControl "5400+30"]

1. d4 Nf6 2. Nf3 d5 3. e3 e6 4. Bd3 c5 5. c3 Nc6 6. Nbd2 Bd6 7. O-O O-O 8. dxc5 Bxc5 9. b4 Bd6 10. Bb2 b6 11. a3 a5 12. b5 Ne5 13. Nxe5 Bxe5 14. Nf3 Bd6 15. c4 dxc4 16. Bxf6 gxf6 17. Be4 Ra7 18. Nd4 Rd7 19. Qh5 f5 20. Bc6 Rc7 21. Rfd1 Qf6 22. Rac1 Bxa3 23. Rxc4 Kh8 24. Nc2 Bc5 25. Rh4 Qg6 26. Qe2 Bb7 27. Bxb7 Rxb7 28. Rh3 Rbb8 29. Nd4 Rbd8 30. Nc6 Rxd1+ 31. Qxd1 Qf6 32. g3 Rg8 33. Qh5 Rg7 34. Qd1 Rg4 35. Kg2 a4 36. f4 a3 37. Ne5 Rg8 38. Qd7 Qe7 39. Qd2 f6 40. Nf3 Ra8 41. Qa2 Bxe3 42. Rh5 Qd7 43. Qa1 Qe7 44. Ng5 e5 45. Rxh7+ Qxh7 46. Nxh7 Kxh7 47. fxe5 a2 48. exf6 Kg6 49. h4 Bd4 50. h5+ Kxh5 51. Qd1+ Kg6 52. g4 a1=Q 0-1

[Event "Bundesturnier Hauptturnier 1 2024"]
[Site "Olten"]
[Date "2024.05.10"]
[Round "4.6"]
[White "Gut, Lionel"]
[Black "Manko, Mariia"]
[Result "1/2-1/2"]
[ECO "A57"]
[WhiteElo "2124"]
[BlackElo "2247"]
[Annotator "ChessBase"]
[PlyCount "75"]
[EventDate "2024.05.09"]
[EventType "tourn"]
[EventCountry "SUI"]
[SourceTitle "playchess.com"]
[Source "ChessBase"]
[SourceQuality "1"]
[TimeControl "5400+30"]

1. d4 Nf6 2. c4 c5 3. d5 b5 4. Nf3 Bb7 5. Qc2 bxc4 6. e4 e6 7. Bxc4 exd5 8. exd5 Bxd5 9. Bxd5 Nxd5 10. O-O Be7 11. Re1 Na6 12. Qc4 Nac7 13. Bg5 Nb6 14. Qxc5 Ne6 15. Qxe7+ Qxe7 16. Bxe7 Kxe7 17. Nc3 Rhd8 18. Rad1 Rac8 19. Re2 d5 20. Nd4 Kf6 21. g3 Rc4 22. Nf3 g6 23. Red2 Nc7 24. Kg2 Rc6 25. Nd4 Rcd6 26. b3 Ke7 27. Re2+ Kf6 28. Red2 Ke7 29. Rc1 Kf6 30. Ncb5 Nxb5 31. Nxb5 R6d7 32. Nxa7 Rxa7 33. Rc6+ Ke5 34. Rxb6 Ke4 35. a4 d4 36. Rb4 f5 37. Rb6 d3 38. Re6+ 1/2-1/2

[Event "Bundesturnier Hauptturnier 1 2024"]
[Site "Olten"]
[Date "2024.05.10"]
[Round "4.7"]
[White "Bauer, Christian"]
[Black "Borner, Daniel"]
[Result "1-0"]
[ECO "B32"]
[WhiteElo "2576"]
[BlackElo "2081"]
[Annotator "ChessBase"]
[PlyCount "81"]
[EventDate "2024.05.09"]
[EventType "tourn"]
[EventCountry "SUI"]
[SourceTitle "playchess.com"]
[Source "ChessBase"]
[SourceQuality "1"]
[TimeControl "5400+30"]

1. e4 c5 2. Nf3 Nc6 3. d4 cxd4 4. Nxd4 e5 5. Nb5 d6 6. g3 Be7 7. Bg2 Be6 8. N1c3 a6 9. Na3 Nf6 10. Nd5 b5 11. c3 Rb8 12. Nc2 a5 13. O-O O-O 14. h3 b4 15. Nce3 Nd7 16. Nf5 Nb6 17. Qg4 Bf6 18. Nxb6 Rxb6 19. Be3 Rb7 20. Rfd1 Rd7 21. Qf3 Qb8 22. Rd2 Bd8 23. Rad1 Bc7 24. Qg4 g6 25. Bh6 Re8 26. h4 f6 27. h5 Kf7 28. Be3 Nd8 29. hxg6+ hxg6 30. Qh4 Kg8 31. Nh6+ Kg7 32. Bh3 Rh8 33. Bxe6 Nxe6 34. Qg4 Nf8 35. Nf5+ Kf7 36. Nh4 Rg8 37. Qe2 Ne6 38. Qc4 Rc8 39. Nf5 Bb6 40. Qb5 Nf8 41. Rxd6 1-0

[Event "Bundesturnier Hauptturnier 1 2024"]
[Site "Olten"]
[Date "2024.05.10"]
[Round "4.8"]
[White "Joie, Sebastien"]
[Black "Buehler, Michael"]
[Result "1-0"]
[ECO "C45"]
[WhiteElo "2382"]
[BlackElo "2043"]
[Annotator "ChessBase"]
[PlyCount "63"]
[EventDate "2024.05.09"]
[EventType "tourn"]
[EventCountry "SUI"]
[SourceTitle "playchess.com"]
[Source "ChessBase"]
[SourceQuality "1"]
[TimeControl "5400+30"]

1. e4 e5 2. Nf3 Nc6 3. Nc3 Nf6 4. a4 Be7 5. d4 exd4 6. Nxd4 Nxd4 7. Qxd4 d6 8. Bc4 O-O 9. O-O Re8 10. Re1 Nd7 11. Nd5 Ne5 12. Nxe7+ Qxe7 13. Bf1 Qh4 14. Ra3 Nc6 15. Qd2 Bd7 16. f4 Re7 17. g3 Qf6 18. Rd3 Rae8 19. Bg2 a5 20. b3 Nb4 21. Rde3 Bc6 22. c4 h5 23. Bb2 Qg6 24. R1e2 f6 25. Qe1 Kh7 26. Bh3 Bd7 27. Bf5 Bxf5 28. exf5 Qxf5 29. Rxe7 Qc5+ 30. Qf2 Qxf2+ 31. Kxf2 Nd3+ 32. Ke3 1-0

[Event "Bundesturnier Hauptturnier 1 2024"]
[Site "Olten"]
[Date "2024.05.10"]
[Round "4.9"]
[White "Malli, Suvirr"]
[Black "Loetscher, Roland"]
[Result "0-1"]
[ECO "B13"]
[WhiteElo "2150"]
[BlackElo "2384"]
[Annotator "ChessBase"]
[PlyCount "104"]
[EventDate "2024.05.09"]
[EventType "tourn"]
[EventCountry "SUI"]
[SourceTitle "playchess.com"]
[Source "ChessBase"]
[SourceQuality "1"]
[TimeControl "5400+30"]

1. e4 c6 2. d4 d5 3. exd5 cxd5 4. Bd3 Nc6 5. c3 Nf6 6. Nf3 Bg4 7. Bf4 e6 8. Nbd2 Bd6 9. Bg3 O-O 10. Qb3 Qc7 11. Bxd6 Qxd6 12. O-O Rab8 13. h3 Bh5 14. Rfe1 b5 15. a3 Na5 16. Qc2 Nc4 17. b4 Bxf3 18. Nxf3 Qc7 19. Bxc4 dxc4 20. Ne5 Rfc8 21. Qd2 a5 22. Qe2 Ra8 23. Qf3 Nd5 24. g3 Ra6 25. a4 axb4 26. axb5 Rb6 27. Nc6 bxc3 28. Ra7 Rb7 29. Ra4 Rxb5 30. Na7 Rb4 31. Rxb4 Qxa7 32. Rbb1 Qxd4 33. Rb7 Qf6 34. Qxf6 gxf6 35. Ra1 f5 36. Kg2 f4 37. Kf3 fxg3 38. fxg3 c2 39. Rc1 Ra8 40. Rxc2 Ra3+ 41. Kf2 c3 42. Rb8+ Kg7 43. Rc8 h5 44. Kf3 Kf6 45. Ke4 Ra4+ 46. Kf3 h4 47. gxh4 Rxh4 48. Kg3 Rd4 49. h4 Rd3+ 50. Kf2 Rh3 51. Ke1 Rh1+ 52. Ke2 Rh2+ 0-1

[Event "Bundesturnier Hauptturnier 1 2024"]
[Site "Olten"]
[Date "2024.05.10"]
[Round "4.10"]
[White "Schoenbaechler, Anselm"]
[Black "Rohrer, Christophe"]
[Result "0-1"]
[ECO "D00"]
[WhiteElo "1953"]
[BlackElo "2240"]
[Annotator "ChessBase"]
[PlyCount "70"]
[EventDate "2024.05.09"]
[EventType "tourn"]
[EventCountry "SUI"]
[SourceTitle "playchess.com"]
[Source "ChessBase"]
[SourceQuality "1"]
[TimeControl "5400+30"]

1. Nc3 Nf6 2. d4 d5 3. Bf4 c6 4. e3 Bf5 5. f3 e6 6. g4 Bg6 7. h4 h6 8. Bd3 Bxd3 9. Qxd3 Bd6 10. Nge2 Qc7 11. O-O-O Nbd7 12. Bxd6 Qxd6 13. e4 dxe4 14. fxe4 Nxg4 15. e5 Qe7 16. Ne4 O-O-O 17. Qf3 f5 18. Nd6+ Kb8 19. Rh3 g5 20. hxg5 hxg5 21. Rxh8 Rxh8 22. Qb3 Nb6 23. a4 Rh2 24. Nc3 Ne3 25. Rd2 Rh1+ 26. Nd1 f4 27. c4 g4 28. Qd3 Qg7 29. a5 Nc8 30. a6 g3 31. Qe4 g2 32. axb7 Ne7 33. Nc8 g1=Q 34. Nxe7 Qxd1+ 35. Rxd1 Rxd1# 0-1

[Event "Bundesturnier Hauptturnier 1 2024"]
[Site "Olten"]
[Date "2024.05.10"]
[Round "4.11"]
[White "Prunescu, Claudiu"]
[Black "Palmonella, Valentin"]
[Result "1-0"]
[ECO "E15"]
[WhiteElo "2249"]
[BlackElo "2124"]
[Annotator "ChessBase"]
[PlyCount "107"]
[EventDate "2024.05.09"]
[EventType "tourn"]
[EventCountry "SUI"]
[SourceTitle "playchess.com"]
[Source "ChessBase"]
[SourceQuality "1"]
[TimeControl "5400+30"]

1. d4 Nf6 2. Nf3 e6 3. c4 b6 4. g3 Ba6 5. b3 Bb4+ 6. Bd2 Be7 7. Bg2 c6 8. Bc3 d5 9. Ne5 Nfd7 10. Nxd7 Nxd7 11. Nd2 O-O 12. O-O Rc8 13. Bb2 Nf6 14. e4 dxe4 15. Nxe4 Nxe4 16. Bxe4 f5 17. Bg2 Bf6 18. Re1 Re8 19. Qd2 e5 20. d5 e4 21. Rad1 cxd5 22. Bxf6 Qxf6 23. Qxd5+ Kf8 24. Qd7 Re7 25. Qd6 Qxd6 26. Rxd6 Bb7 27. Red1 g6 28. Kf1 e3 29. fxe3 Bxg2+ 30. Kxg2 Rxe3 31. Rd7 Re7 32. Kf3 Rc7 33. Rxc7 Rxc7 34. Kf4 Re7 35. a4 Kg7 36. Rd6 h6 37. a5 bxa5 38. Ra6 Rb7 39. Ke5 h5 40. c5 h4 41. c6 Rxb3 42. c7 Rc3 43. Kd6 Rd3+ 44. Ke7 Re3+ 45. Kd7 Rd3+ 46. Rd6 Rc3 47. Rc6 Rd3+ 48. Ke6 Re3+ 49. Kd5 Re8 50. c8=Q Rxc8 51. Rxc8 hxg3 52. hxg3 Kf6 53. Kd4 Kg5 54. Ke3 1-0

[Event "Bundesturnier Hauptturnier 1 2024"]
[Site "Olten"]
[Date "2024.05.10"]
[Round "4.12"]
[White "Rotunno, Flavio"]
[Black "Kamber, Bruno"]
[Result "1/2-1/2"]
[ECO "A40"]
[WhiteElo "2105"]
[BlackElo "2217"]
[Annotator "ChessBase"]
[PlyCount "163"]
[EventDate "2024.05.09"]
[EventType "tourn"]
[EventCountry "SUI"]
[SourceTitle "playchess.com"]
[Source "ChessBase"]
[SourceQuality "1"]
[TimeControl "5400+30"]

1. d4 g6 2. c4 Bg7 3. e4 Nc6 4. d5 Nd4 5. Nc3 c5 6. g3 d6 7. Bg2 b5 8. cxb5 a6 9. b6 Qxb6 10. Nge2 h5 11. h3 Bd7 12. O-O Rb8 13. Rb1 Nh6 14. Be3 a5 15. f3 O-O 16. Qd2 Kh7 17. Rfd1 Bxh3 18. Nxd4 cxd4 19. Bxd4 Bxd4+ 20. Qxd4 Qxd4+ 21. Rxd4 Bd7 22. Rc4 Rb7 23. b4 Rfb8 24. a3 f5 25. Bh3 g5 26. Bf1 Nf7 27. Be2 Ne5 28. Rd4 Rc7 29. bxa5 Ra8 30. Rb3 fxe4 31. Nxe4 Rc2 32. Bd1 Rc1 33. Nxg5+ Kh6 34. Ne4 Rxa5 35. Nf2 Ra1 36. Kg2 Ra2 37. Rb8 R5xa3 38. Rb3 Rxb3 39. Bxb3 Rb2 40. Bd1 Bf5 41. Kg1 Rb1 42. Kh2 Nd3 43. Kg1 Ne5 44. Kg2 Rb2 45. Kf1 Bd7 46. Be2 Rb1+ 47. Kg2 Bf5 48. f4 Ng4 49. Bxg4 hxg4 50. Rd2 Kg6 51. Re2 Kf7 52. Rd2 Rb4 53. Kf1 Rb3 54. Kg2 Re3 55. Ra2 Re1 56. Rd2 Kf6 57. Ra2 Bc8 58. Rc2 Bd7 59. Rb2 Bf5 60. Ra2 Rb1 61. Ra8 Rb2 62. Rf8+ Kg6 63. Rg8+ Kf7 64. Rg5 Be4+ 65. Kf1 Rb1+ 66. Ke2 Bf3+ 67. Kd3 Rg1 68. Nxg4 Rd1+ 69. Ke3 Bxg4 70. Rxg4 Rxd5 71. Rh4 Kg7 72. Rh1 Ra5 73. g4 Ra4 74. Rb1 e5 75. fxe5 dxe5 76. Rb6 Kf7 77. g5 Rg4 78. Kf3 Rxg5 79. Ke4 Rh5 80. Ra6 Ke7 81. Rb6 Kd7 82. Ra6 1/2-1/2

[Event "Bundesturnier Hauptturnier 1 2024"]
[Site "Olten"]
[Date "2024.05.11"]
[Round "5.1"]
[White "Baenziger, Fabian"]
[Black "Gryshko, Vitalii"]
[Result "1/2-1/2"]
[ECO "E43"]
[WhiteElo "2415"]
[BlackElo "2316"]
[Annotator "TA"]
[PlyCount "48"]
[EventDate "2024.05.09"]
[EventType "tourn"]
[EventCountry "SUI"]
[SourceTitle "playchess.com"]
[Source "ChessBase"]
[SourceQuality "1"]
[TimeControl "5400+30"]

1. d4 Nf6 2. c4 e6 3. Nc3 Bb4 4. e3 b6 5. Bd3 Bb7 6. Nf3 Bxc3+ 7. bxc3 d6 8. O-O Nbd7 9. Nd2 O-O 10. e4 e5 11. Re1 Re8 12. f3 Nh5 13. Nf1 Qf6 14. Ne3 Nf8 {[%emt 0:06:13] White is slightly better.} 15. Bf1 Nf4 16. Rb1 N8e6 17. Nd5 Qg6 {[%emt 0:06:40] [#] And now ...Nh3+ would win.} 18. Rb2 f5 ({Black should try} 18... h5 $14) 19. Nxf4 $2 (19. Bxf4 $18 Nxf4 20. Nxc7 fxe4 21. d5) 19... Nxf4 $11 20. Bxf4 exf4 21. exf5 Qxf5 22. Rbe2 Rxe2 23. Rxe2 Kf8 {[%emt 0:04:47] Inhibits Re7.} 24. Qd2 Qg5 {[%emt 0:09:25] Weighted Error Value: White=0.30/Black=0.20 (precise) .  Mistake:       	White=1     	Black=1      Inaccurate:     	White=1     	Black=1      OK:         	White=4     	Black=3} 1/2-1/2

[Event "Bundesturnier Hauptturnier 1 2024"]
[Site "Olten"]
[Date "2024.05.11"]
[Round "5.2"]
[White "Gantner, Matthias"]
[Black "Willems, Niels"]
[Result "1/2-1/2"]
[ECO "B12"]
[WhiteElo "2237"]
[BlackElo "2329"]
[Annotator "ChessBase"]
[PlyCount "102"]
[EventDate "2024.05.09"]
[EventType "tourn"]
[EventCountry "SUI"]
[SourceTitle "playchess.com"]
[Source "ChessBase"]
[SourceQuality "1"]
[TimeControl "5400+30"]

1. e4 c6 2. d4 d5 3. e5 Bf5 4. Nd2 e6 5. Nb3 Nd7 6. Nf3 h6 7. Be2 a5 8. a4 Ne7 9. O-O Qc7 10. Nh4 Be4 11. f3 Bxc2 12. Qxc2 g5 13. g4 gxh4 14. f4 h5 15. f5 hxg4 16. fxe6 fxe6 17. Bxg4 Rg8 18. h3 O-O-O 19. Kh1 Nf5 20. Bd2 Ng3+ 21. Kh2 Nxf1+ 22. Rxf1 Rxg4 23. hxg4 Bb4 24. Bxb4 Nxe5 25. dxe5 Qxe5+ 26. Kh1 axb4 27. Qd3 Qxb2 28. Nc5 h3 29. Rg1 h2 30. Rf1 Qc3 31. Qxc3 bxc3 32. Nxe6 Rg8 33. g5 c2 34. Kxh2 Rg6 35. Nd4 Rxg5 36. Nxc2 Rg4 37. Ra1 Kb8 38. Kh3 Rc4 39. Ra2 Ka7 40. Kg3 Ka6 41. a5 Rc5 42. Nb4+ Kb5 43. a6 bxa6 44. Nxa6 Rc3+ 45. Kf4 Kc4 46. Ra4+ Kb3 47. Rb4+ Kc2 48. Ke5 c5 49. Rb5 d4 50. Nxc5 d3 51. Nxd3 Rxd3 1/2-1/2